 Dungeon Crawl Stone Soup version 0.30-b1-2-g02819fbbbe (webtiles) character file.

Game seed: 3608993671360608488

7 MisterFreud the Charlatan (level 2, 0/23 HPs)
             Began as a Gnoll Wanderer on Sept 4, 2023.
             Slain by a goblin
             ... wielding a +0 dagger
              (1 damage)
             ... on level 1 of the Dungeon.
             The game lasted 00:00:27 (169 turns).

MisterFreud the Charlatan (Gnoll Wanderer)           Turns: 169, Time: 00:00:27

Health: 0/23       AC:  5    Str: 12    XL:     2   Next: 0%
Magic:  5/5        EV: 10    Int: 10    God:
Gold:   42         SH:  0    Dex: 11    Spells: 5/6 levels left

rFire   . . .        a - +2 quarterstaff
rCold   . . .        (shield currently unavailable)
rNeg    . . .        b - +0 ring mail
rPois   .            (no helmet)
rElec   .            (no cloak)
rCorr   .            (no gloves)
SInv    .            (no boots)
Will    .....        (no amulet)
Stlth   +            (no ring)
HPRegen 0.23/turn    (no ring)
MPRegen 0.09/turn

%: no passive effects
@: no status effects
A: fangs 1, strong nose, distributed training
a: no special abilities


You were on level 1 of the Dungeon.
You visited 1 branch of the dungeon, and saw 1 of its levels.

You collected 42 gold pieces.

Inventory:

Hand Weapons
 a - a +2 quarterstaff (weapon)
Armour
 b - a +0 ring mail (worn)
Scrolls
 c - a scroll of blinking
 d - a scroll of identify {unknown}
Potions
 e - a potion of curing {unknown}


   Skills:
 + Level 2.4 Fighting
 + Level 0.2 Short Blades
 + Level 0.2 Long Blades
 + Level 0.2 Axes
 + Level 0.2 Maces & Flails
 + Level 0.2 Polearms
 + Level 4.4 Staves
 + Level 0.2 Ranged Weapons
 + Level 0.2 Throwing
 + Level 2.4 Armour
 + Level 2.4 Dodging
 + Level 0.2 Stealth
 + Level 0.2 Shields
 + Level 0.2 Unarmed Combat
 + Level 2.6 Spellcasting
 + Level 0.1 Conjurations
 + Level 2.0 Hexes
 + Level 0.1 Summonings
 + Level 0.1 Necromancy
 + Level 0.1 Translocations
 + Level 0.1 Transmutations
 + Level 0.1 Fire Magic
 + Level 0.1 Ice Magic
 + Level 0.1 Air Magic
 + Level 0.1 Earth Magic
 + Level 0.1 Poison Magic
 + Level 2.4 Invocations
 + Level 4.4 Evocations


You had 5 spell levels left.
You knew the following spells:

 Your Spells              Type           Power      Damage    Failure   Level
a - Slow                  Hex            20%        N/A       28%         1

Your spell library contained the following spells:

 Spells                   Type           Power      Damage    Failure   Level
 Tukima's Dance           Hex            5%         N/A       63%         3


Dungeon Overview and Level Annotations

Branches:
Dungeon (1/15)

Altars:

Annotations:
D:1 1 transporter


Innate Abilities, Weirdness & Mutations

You have very sharp teeth.
Your uncanny sense of smell can sniff out nearby items.
Your experience applies equally to all skills.


Message History

You closely miss the bat. The bat barely misses you.
A bat is nearby!
You thump the bat!
You kill the bat!
You now have 38 gold pieces (gained 11).
You now have 42 gold pieces (gained 4).
A gnoll, a quokka and a hobgoblin come into view.
The gnoll shouts!
The hobgoblin shouts!
You hear a shout!
There are monsters nearby!
You barely miss the quokka.
The quokka bites you but does no damage.
There are monsters nearby!
You hit the quokka.
The quokka is heavily wounded.
The quokka barely misses you.
You closely miss the quokka.
The quokka is heavily wounded.
The quokka bites you but does no damage.
The hobgoblin hits you but does no damage.
There are monsters nearby!
You closely miss the quokka.
The quokka is heavily wounded.
The quokka bites you but does no damage. x2
The hobgoblin barely misses you.
There are monsters nearby!
You sock the quokka!
You kill the quokka!
The gnoll hits you with a +0 flail! The hobgoblin barely misses you.
You have reached level 2!
A goblin comes into view. It is wielding a +0 dagger.
The goblin shouts!
A rat comes into view.
The goblin moves out of view.
The gnoll attacks as you move away! The gnoll hits you with a +0 flail!
Ouch! That really hurt!
* * * LOW HITPOINT WARNING * * *
The gnoll attacks as you move away! The gnoll hits you with a +0 flail.
* * * LOW HITPOINT WARNING * * *
The goblin hits you with a +0 dagger.
You die...

......#.#................
......#.#..........#.#.#.
#.....#...#.#....##.#.#
#...............###<#.
#.##.#.####.....##©#.# #
#.†#.####.####### #.
#.#g##....... #### #
8##...gg....#.....##© ∆
........@.##.# ... #.
.....##............ #.
..8#.....#..#.#... #. ..
#.###.#....# . # #.#..###
#.#..# #.#.## #. .#


You could see a gnoll, a hobgoblin and a goblin.

Vanquished Creatures
  2 bats (D:1)
  2 quokkas (D:1)
  A frilled lizard (D:1)
  2 kobolds (D:1)
7 creatures vanquished.

Notes
Turn   | Place    | Note
-------+----------+-------------------------------------------
     0 | D:1      | MisterFreud the Gnoll Wanderer began the quest for the Orb.
     0 | D:1      | MisterFreud set off with the following items: a +2
                  | quarterstaff, a +0 ring mail, a scroll of blinking; and the
                  | following spell memorised: Slow; and the following spells
                  | available to memorise: Tukima's Dance.
     0 | D:1      | Reached XP level 1. HP: 17/17 MP: 4/4
   166 | D:1      | Reached XP level 2. HP: 14/23 MP: 5/5
   169 | D:1      | HP: 1/23 [gnoll/+0 flail (2)]
   169 | D:1      | Slain by a goblin

Illustrated notes

Levels and vault maps discovered:
D:1:      spicycebolla_arrival_risky_transporter, layout_basic, st_stairs_6

Skill      XL: |  1 |
---------------+----+-----
Hexes          | 2 |  2.0
Fighting       | |  2.4
Short Blades   | |  0.2
Long Blades    | |  0.2
Axes           | |  0.2
Maces & Flails | |  0.2
Polearms       | |  0.2
Staves         | |  4.4
Ranged Weapons | |  0.2
Throwing       | |  0.2
Armour         | |  2.4
Dodging        | |  2.4
Stealth        | |  0.2
Shields        | |  0.2
Unarmed Combat | |  0.2
Spellcasting   | |  2.6
Conjurations   | |  0.1
Summonings     | |  0.1
Necromancy     | |  0.1
Translocations | |  0.1
Transmutations | |  0.1
Fire Magic     | |  0.1
Ice Magic      | |  0.1
Air Magic      | |  0.1
Earth Magic    | |  0.1
Poison Magic   | |  0.1
Invocations    | |  2.4
Evocations     | |  4.4

Action                     || total
---------------------------++-------
  Melee: Quarterstaff      ||    16
 Armour: Ring mail         ||     8
  Dodge: Dodged            ||    10
